 Dungeon Crawl Stone Soup version 0.28-a0-1227-ga9037bb4c8 (webtiles) character file.

Game seed: 8222213932001623975

910 ytrimaz the Fighter (level 8, -6/65 HPs)
             Began as an Octopode Venom Mage on Dec 22, 2021.
             Was an Initiate of Ashenzari.
             Mangled by a two-headed ogre (17 damage)
             ... on level 5 of the Dungeon.
             The game lasted 00:12:11 (7538 turns).

ytrimaz the Fighter (Octopode Venom Mage)           Turns: 7538, Time: 00:12:11

Health: -6/65      AC:  1    Str:  7    XL:     8   Next: 8%
Magic:  4/12       EV: 14    Int: 23    God:    Ashenzari [......]
Gold:   181        SH:  0    Dex: 12    Spells: 3/13 levels left

rFire   . . .      SeeInvis .     - Unarmed
rCold   . . .      Faith    .   (no shield)
rNeg    + + +      Spirit   .   (helmet restricted)
rPois   .          Reflect  .   (no amulet)
rElec   .          Harm     .   c - ring of Ashenzari's Urgency {rN+, Evo, Cun} (curse)
rCorr   .          Rampage  .   f - ring "Ymakkant" {rN++ Will+ Int+3}
Will    .....                   l - ring of wizardry
Stlth   +++.......              (no ring)
HPRegen 0.20/turn               (no ring)
MPRegen 0.13/turn               (no ring)
                                (no ring)
                                (no ring)

@: weak-willed
A: almost no armour, amphibious, 8 rings, camouflage 1, gelatinous body 1,
(nimble swimmer 1), tentacles
a: Renounce Religion, Shatter the Chains


You were on level 5 of the Dungeon.
You worshipped Ashenzari.
Ashenzari was noncommittal.
You visited 2 branches of the dungeon, and saw 6 of its levels.

You collected 181 gold pieces.

Inventory:

Jewellery
 c - the cursed ring of Ashenzari's Urgency (left tentacle) {rN+, Evo, Cun}
   (You found it on level 1 of the Dungeon)

   [ring of positive energy]

   rN:        It protects you from negative energy.
   It has a curse which improves the following skills: Evocations: Evocations.
   Cunning:   Dodging and Stealth.
 f - the ring "Ymakkant" (right tentacle) {rN++ Will+ Int+3}
   (You acquired it on level 3 of the Dungeon)

   [ring of willpower]

   Int:       It affects your intelligence (+3).
   rN:        It greatly protects you from negative energy.
   Will:      It increases your willpower.
 l - a ring of wizardry (on tentacle)
Wands
 a - a wand of digging (6) (quivered)
 i - a wand of flame (12)
Potions
 d - a potion of flight
 e - 2 potions of attraction
 g - a potion of mutation
 j - a potion of berserk rage
 k - a potion of magic {unknown}
 m - a potion of haste {unknown}


   Skills:
 - Level 10.5 Fighting
 * Level 3.1(3.6) Dodging
 - Level 2.6(3.1) Stealth
 * Level 2.4 Unarmed Combat
 + Level 3.3 Spellcasting
 * Level 3.4 Transmutations
 + Level 5.1 Poison Magic
 + Level 0.3(0.5) Evocations


You had 3 spell levels left.
You knew the following spells:

 Your Spells              Type           Power      Damage    Failure   Level
a - Sting                 Tmut/Pois      92%        1d7       1%          1
b - Olgreb's Toxic Radia  Pois           27%        N/A       6%          4
c - Mephitic Cloud        Conj/Pois/Air  11%        N/A       7%          3
d - Poisonous Vapours     Pois/Air       30%        N/A       2%          2

Your spell library contained the following spells:

 Spells                   Type           Power      Damage    Failure   Level
 Slow                     Hex            12%        N/A       4%          1


Dungeon Overview and Level Annotations

Branches:
Dungeon (5/15)             Temple (1/1) D:4

Altars:
Ashenzari
Cheibriados
Dithmenos
Elyvilon
Fedhas
Hepliaklqana
Kikubaaqudgha
Makhleb
Nemelex Xobeh
Okawaru
Qazlal
Ru
Sif Muna
Trog
Uskayaw
Vehumet
Wu Jian
Xom
Yredelemnul
Zin
The Shining One


Innate Abilities, Weirdness & Mutations

You cannot wear most types of armour.
You are amphibious.
You can wear up to eight rings at the same time.
Your skin changes colour to match your surroundings (Stealth+).
Your rubbery body absorbs attacks. (AC +1, EV +1)
((You are camouflaged when in or above water. (Stealth+)))
You have tentacles for arms and can constrict up to eight enemies at once.


Message History

As you read the scroll labelled CIODEDD HESAX, it crumbles to dust.
Magic quickly surges around you.
It was a scroll of vulnerability.
The two-headed ogre looks more healthy.
The two-headed ogre hits you with a +0 giant club!! x2
* * * LOW HITPOINT WARNING * * *
Unknown command.
Okay, then.
As you read the scroll labelled VEYRYSHREIK, it crumbles to dust.
You feel aware of your surroundings.
It was a scroll of magic mapping.
Unknown command.
A gnoll opens the large door.
An orc comes into view. It is wielding a +0 club.
Okay, then.
An iguana, a quokka, 2 gnolls and a zombie come into view.
There is a large open door here.
Found 10 gold pieces and a leather armour.
The sentinel's mark upon you fades away.
The gnoll throws a throwing net.
The throwing net closely misses you.
You see here a throwing net.
Casting: Olgreb's Toxic Radiance (dangerous; 6% risk of failure)
Confirm with . or Enter, or press ? or * to list all spells.
You begin to radiate toxic energy.
The quokka is poisoned.
The iguana is poisoned.
The orc is poisoned.
The two-headed ogre is poisoned.
The gnoll is poisoned. x3; The quokka looks even sicker.
The gnoll looks even sicker.
Unknown command.
The quokka looks even sicker.
The orc looks even sicker.
The gnoll looks even sicker.
Your toxic aura wanes.
You kill the quokka!
You feel a bit more experienced.
Found 23 gold pieces.
You feel a bit more experienced.
The two-headed ogre looks more healthy.
Found a rapier.
The gnoll looks more healthy.
You see here 14 gold pieces.
You see here 10 gold pieces.
The two-headed ogre barely misses you.
The two-headed ogre hits you with a +0 giant club!
You die...

##,,,,,,,,,,,,,,,,#.#
.#,,,,,......,,...#.#
.#..***#....#**#..#.#
##..# #....# #..#.#
##..# #....# #..#.#
.#..####....####..#.#
.#................#.#
.+.......$[.......'.#
.+.......$$..g.O@.'.#
*#.........Zg.....###
#..####....####.†#
##..# #....# #).#
.#..# #....# #).#
##.g####....####..#
#.)..............#
#................#
##################


You could see a two-headed ogre (weak-willed), 2 gnolls and a scorpion zombie.

Vanquished Creatures
  Grinder (D:5)
  An ogre (D:4)
  3 hounds
  An orc priest (D:3)
  2 jellies (D:4)
  A centaur skeleton (D:5)
  Terence (D:2)
  4 iguanas
  Natasha (thrice) (D:2)
  A hound skeleton (D:5)
  5 gnolls
  4 adders
  An adder skeleton (D:4)
  A worm (D:4)
  3 dart slugs
  7 orcs
  10 endoplasms
  4 giant cockroaches
  7 goblins
  5 hobgoblins
  3 jackals
  2 kobolds
  5 quokkas
  7 ball pythons
  2 bats
  2 frilled lizards
  4 rats
  A bush (D:1)
91 creatures vanquished.

Vanquished Creatures (others)
  3 fungi (D:2)
  11 plants
14 creatures vanquished.

Grand Total: 105 creatures vanquished

Notes
Turn   | Place    | Note
-------+----------+-------------------------------------------
     0 | D:1      | ytrimaz the Octopode Venom Mage began the quest for the
                  | Orb.
     0 | D:1      | Reached XP level 1. HP: 11/11 MP: 3/3
   201 | D:1      | Reached XP level 2. HP: 18/18 MP: 0/5
  1807 | D:2      | Noticed Natasha
  1807 | D:2      | Found a faded altar of an unknown god.
  1857 | D:1      | Learned a level 2 spell: Poisonous Vapours
  1867 | D:1      | Reached XP level 3. HP: 22/22 MP: 1/6
  1871 | D:1      | Learned a level 3 spell: Mephitic Cloud
  1958 | D:2      | Found an ancient bone altar of Kikubaaqudgha.
  2131 | D:2      | Reached skill level 10 in Fighting
  2131 | D:2      | Reached XP level 4. HP: 20/43 MP: 7/7
  2597 | D:2      | Noticed Terence
  2602 | D:2      | Killed Natasha
  2603 | D:2      | Reached skill level 1 in Unarmed Combat
  2603 | D:2      | Reached XP level 5. HP: 23/48 MP: 3/8
  2606 | D:2      | Killed Terence
  2625 | D:2      | Noticed Natasha
  2904 | D:2      | Killed Natasha
  3053 | D:2      | Got Plato's Tome of Enchantment
  3446 | D:2      | Noticed Natasha
  3787 | D:3      | Reached XP level 6. HP: 42/54 MP: 0/9
  3917 | D:3      | Identified a scroll of acquirement
  3917 | D:3      | Acquired the ring "Ymakkant" {rN++ Will+ Int+3}
  4470 | D:2      | Killed Natasha
  4902 | D:3      | Learned a level 4 spell: Olgreb's Toxic Radiance
  5445 | D:4      | Found a staircase to the Ecumenical Temple.
  5457 | Temple   | Entered the Ecumenical Temple
  5673 | Temple   | Became a worshipper of Ashenzari the Shackled
  5760 | D:4      | Reached XP level 7. HP: 60/60 MP: 4/11
  6559 | D:5      | Entered Level 5 of the Dungeon
  7175 | D:5      | Noticed Grinder
  7200 | D:5      | Killed Grinder
  7201 | D:5      | Reached skill level 5 in Poison Magic
  7201 | D:5      | Reached XP level 8. HP: 65/65 MP: 9/12
  7445 | D:5      | Noticed a two-headed ogre
  7496 | D:5      | HP: 3/65 [two-headed ogre (18)]
  7538 | D:5      | Mangled by a two-headed ogre

Illustrated notes

Levels and vault maps discovered:
D:1:      roderic_crop_circles_arrival_small, layout_basic, serial_forest,
          infiniplex_forest_lined_room_3, infiniplex_forest_pool,
          infiniplex_forest_clump_C, infiniplex_forest_straight_4,
          infiniplex_forest_lined_room_2, infiniplex_forest_clump_tiny,
          infiniplex_forest_end_1
D:2:      layout_rooms, basic_altar, shapermc_ecumenical_altar_rom_forum,
          uniq_terence, uniq_natasha
D:3:      layout_rooms, nicolae_overflow_hidden_temple
D:4:      layout_loops_ring, minmay_temple_entry_statues_pillars,
          chequers_serial_rivers_room_b, st_stairs_7
D:5:      layout_basic, kennysheep_dice, uniq_grinder
Temple:   compressed_dpeg_triangle_lava_temple

Skill      XL: |  1  2  3  4  5  6  7 |
---------------+----------------------+-----
Poison Magic   | 4 5 |  5.1
Transmutations | 2 3 |  3.4
Fighting       | 10 | 10.5
Unarmed Combat | 1 2 |  2.4
Spellcasting   | 3 |  3.3
Dodging        | 3 |  3.1
Stealth        | |  2.6
Evocations     | |  0.3

Action                   |  1- 3 |  4- 6 |  7- 9 || total
-------------------------+-------+-------+-------++-------
Melee: Unarmed           |   416 |    74 |    18 ||   508
       Tentacles         |   108 |    15 |     2 ||   125
       Constrict         |     9 |    17 |     4 ||    30
       Punch             |     5 |     1 |       ||     6
 Cast: Sting             |    26 |    63 |    22 ||   111
       Poisonous Vapours |     2 |    22 |       ||    24
       Mephitic Cloud    |       |     1 |       ||     1
       Olgreb's Toxic Ra |       |     2 |    11 ||    13
Invok: Curse Item        |       |       |     1 ||     1
Evoke: Wand              |       |       |     8 ||     8
  Use: Scroll            |     1 |     5 |     5 ||    11
       Potion            |     1 |     3 |     1 ||     5
 Stab: Sleeping          |       |     2 |       ||     2
Armor: Skin              |     6 |    28 |     4 ||    38
Dodge: Dodged            |    28 |    52 |    21 ||   101

Table legend: (Time is in decaauts)
 A = Elapsed time spent in this place.
 B = Non-inter-level travel time spent in this place.
 C = Inter-level travel time spent in this place.
 D = Time resting spent in this place.
 E = Time spent auto-exploring this place.
 F = Levels seen in this place.
 G = Mean time per level.
                   A        B        C        D        E       F      G
               +--------+--------+--------+--------+--------+-----+--------+
         Total |   7557 |   7217 |    340 |   1735 |   4005 |   6 | 1259.5 |
       Dungeon |   7335 |   7010 |    325 |   1735 |   3814 |   5 | 1467.0 |
        Temple |    221 |    206 |     15 |      0 |    191 |   1 |  221.0 |
               +--------+--------+--------+--------+--------+-----+--------+

Top non-repeatable levels by time:
     D:1: 2532 daAuts
     D:4: 1394 daAuts
     D:2: 1319 daAuts
     D:3: 1112 daAuts
     D:5: 977 daAuts
  Temple: 221 daAuts
